AoeStats
← Comend x comend

African Clearing

506948171Analyzed
4v4 RM · 16d ago on Sep 15, 2026· 50m 19s· 8 players
Game mode
Random Map
Map size
Large (8 player)
Population
200
Speed
Normal
Resources
Standard
Victory
Conquest
Starting age
Dark Age
Ending age
Imperial Age
RankedLock teamsTeams togetherTeam positionsShared explorationLock speedFull tech treeHidden civsTurbo modeCheats
Victory
Defeat
🇧🇷 Berbers · Brazil
1603
+11
🇨🇳 Koreans · China
1557
+13
🇨🇱 Magyars · Chile
1494
+16
🇵🇪 Ethiopians · Peru
1401
+19
🇸🇪 Wei · Sweden
1551
-17
🇺🇸 Mapuche · United States
1484
-15
🇸🇪 Sicilians · Sweden
1467
-14
🇨🇷 Malians · Costa Rica
1448
-13
N1ls
6:30 Loom
13:00 Feudal Age
18:05 Castle Age
16:53 Stone Mining
18:11 Horse Collar
18:18 Double-Bit Axe
19:11 Bow Saw
24:33 Fletching
26:02 Bodkin Arrow
42:06 Wheelbarrow
44:35 Imperial Age
42:15 Husbandry
43:47 Gold Mining
44:34 Stone Shaft Mining
44:06 Heavy Plow
44:36 Town Watch
45:06 Bloodlines
45:56 Scale Barding Armor
46:01 Forging
45:22 Cavalier
47:13 Conscription
47:21 Hauberk
47:45 Pikeman
49:04 Gold Shaft Mining
50:32 Chain Barding Armor
50:56 Iron Casting
hurm0k [PT]
3:28 Loom
12:20 Feudal Age
12:58 Double-Bit Axe
13:51 Wheelbarrow
13:52 Horse Collar
15:17 Bloodlines
16:50 Scale Barding Armor
16:56 Forging
17:12 Forging
21:42 Gold Mining
24:45 Castle Age
22:59 Stone Mining
26:08 Hand Cart
26:04 Bow Saw
25:56 Heavy Plow
26:39 Gold Shaft Mining
26:41 Stone Shaft Mining
25:33 Light Cavalry
26:13 Husbandry
26:38 Chain Barding Armor
27:50 Fletching
31:12 Iron Casting
33:10 Tuntian
38:59 Imperial Age
38:17 Ballistics
39:06 Elite Tiger Cavalry
40:14 Ming Guang Armor
40:30 Conscription
41:43 Chemistry
44:07 Blast Furnace
43:45 Fletching
44:12 Hussar
46:45 Scale Mail Armor
46:08 Pikeman
46:49 Squires
48:00 Bodkin Arrow
49:14 Masonry
48:33 Halberdier
50:06 Chain Mail Armor
Delirios de Autoridad
11:35 Feudal Age
10:56 Loom
12:07 Double-Bit Axe
21:39 Castle Age
20:12 Forging
20:13 Gold Mining
26:13 Wheelbarrow
25:56 Bow Saw
40:49 Town Watch
44:02 Stone Mining
FlyingSaucer_
2:43 Loom
13:12 Feudal Age
13:48 Double-Bit Axe
14:42 Gold Mining
15:00 Horse Collar
17:08 Fletching
24:44 Castle Age
23:10 Gold Mining
25:54 Bodkin Arrow
26:51 Gold Shaft Mining
28:59 Padded Archer Armor
31:33 Leather Archer Armor
34:49 Malon
36:13 Ballistics
39:52 Bow Saw
41:15 Wheelbarrow
41:32 Wheelbarrow
45:14 Imperial Age
43:30 Heavy Plow
44:21 Forging
43:59 Champi Runner
44:41 Elite Skirmisher
46:15 Conscription
46:00 Butalmapu
45:37 Elite Bolas Rider
46:14 Pikeman
48:44 Chemistry
47:47 Halberdier
49:03 Scale Mail Armor
49:49 Iron Casting
49:34 Arson
Doctor Simi
3:11 Loom
13:22 Feudal Age
13:55 Town Watch
14:07 Double-Bit Axe
19:28 Wheelbarrow
22:19 Castle Age
22:19 Bloodlines
26:27 Bow Saw
30:59 Scale Barding Armor
33:19 Padded Archer Armor
33:46 Chain Barding Armor
33:37 Husbandry
38:17 Corvinian Army
44:08 Imperial Age
41:51 Herbal Medicine
42:41 Fletching
43:31 Hand Cart
42:41 Pikeman
43:07 Arson
44:20 Cavalier
45:21 Conscription
45:32 Ballistics
46:13 Chemistry
46:07 Plate Barding Armor
48:22 Paladin
49:10 Elite Magyar Huszar
Comend x comend
5:35 Loom
13:48 Feudal Age
15:21 Double-Bit Axe
18:06 Castle Age
18:43 Crossbowman
27:33 Thumb Ring
29:33 Padded Archer Armor
33:27 Fletching
36:56 Wheelbarrow
36:34 Bow Saw
36:08 Horse Collar
38:44 Stone Mining
40:21 Stone Shaft Mining
44:39 Imperial Age
42:37 Royal Heirs
42:56 Forging
42:46 Scale Mail Armor
44:57 Iron Casting
44:53 Chain Mail Armor
45:04 Elite Shotel Warrior
49:56 Gold Mining
Sorrateiro
6:37 Loom
14:23 Feudal Age
14:52 Town Watch
15:56 Double-Bit Axe
18:26 Castle Age
16:43 Fishing Lines
18:01 Gold Mining
19:45 Wheelbarrow
19:22 Bow Saw
19:29 Gillnets
21:31 Gold Shaft Mining
22:13 Fletching
22:24 Padded Archer Armor
22:58 Bodkin Arrow
27:00 Leather Archer Armor
30:09 Ballistics
30:43 Horse Collar
32:40 Heavy Plow
33:00 Stone Mining
35:09 Hand Cart
36:00 Stone Shaft Mining
39:45 Imperial Age
37:49 Bloodlines
37:40 Husbandry
37:42 Light Cavalry
38:28 Scale Barding Armor
39:17 Forging
39:30 Chain Barding Armor
40:40 Iron Casting
39:53 Hussar
40:54 Bracer
41:56 Chemistry
42:49 Masonry
43:25 Hoardings
43:07 Heavy Camel Rider
46:05 Plate Barding Armor
46:56 Maghrebi Camels
48:06 Plate Barding Armor
chenst2020
5:18 Loom
15:17 Feudal Age
21:26 Castle Age
20:37 Double-Bit Axe
23:40 Fletching
24:07 Bow Saw
29:33 Bodkin Arrow
35:09 Gold Mining
35:03 Horse Collar
35:40 Stone Mining
36:31 Gold Shaft Mining
37:34 Wheelbarrow
39:55 Imperial Age
38:26 Stone Shaft Mining
39:57 Ballistics
40:04 Husbandry
41:49 Chemistry
42:26 Conscription
42:16 Thumb Ring
43:03 Bracer
45:07 Scale Mail Armor
45:17 Forging
44:29 Elite Fire Lancer
46:00 Squires
46:18 Chain Mail Armor
47:44 Two-Man Saw
46:45 Heavy Plow
46:37 Elite War Wagon
48:20 Plate Mail Armor
48:25 Iron Casting
47:38 Arson
49:54 Siege Engineers
50:00 Masonry
Connection lost

Rejoining the realm…

Still unreachable

The connection could not be restored.

Session expired

The server has moved on; the page needs a fresh start.